| TOP OF THE 1ST |
|
Colorado Avalanche batting - Pitching for Amarillo ThunderHeads : RHP Shane Ford
|
|
Pitching: RHP Shane Ford
|
|
|
Batting: RHB Ben Connelly
|
0-0: Ball 1-0: Ground out 4-3 (Groundball, 4, EV 83.1 MPH)
|
|
Batting: SHB Taylor Shelton
|
0-0: Called Strike 0-1: Ball 1-1: Ball 2-1: Ball 3-1: Called Strike 3-2: Base on Balls
|
|
Batting: RHB Joe Shade
|
0-0: Ball 1-0: Foul Ball, location: 2F 1-1: Ball 2-1: Foul Ball, location: 2F 2-2: Foul Ball, location: 2F 2-2: Ball Taylor Shelton is caught stealing 2nd base 2-4 3-2: Fly out, F7 (Flyball, 7S, EV 93.8 MPH)
|
| Top of the 1st over - 0 runs, 0 hits, 0 errors, 0 left on base; Colorado 0 - Amarillo 0 |
| BOTTOM OF THE 1ST |
|
Amarillo ThunderHeads batting - Pitching for Colorado Avalanche : RHP Andrew Cribbs
|
|
Pitching: RHP Andrew Cribbs
|
|
|
Batting: LHB Carlos Guajardo
|
0-0: Fly out, F8 (Flyball, 8RM, EV 86.2 MPH)
|
|
Batting: SHB Jose Ramirez
|
0-0: Ball 1-0: Ball 2-0: Foul Ball, location: 2F 2-1: Ball 3-1: Fly out, F9 (Flyball, 9, EV 87.5 MPH)
|
|
Batting: RHB Bill Flannery
|
0-0: Ball 1-0: Ball 2-0: Called Strike 2-1: Ball 3-1: Fly out, F8 (Flyball, 8LXD, EV 95.0 MPH)
|
| Bottom of the 1st over - 0 runs, 0 hits, 0 errors, 0 left on base; Colorado 0 - Amarillo 0 |
| TOP OF THE 2ND |
|
Colorado Avalanche batting - Pitching for Amarillo ThunderHeads : RHP Shane Ford
|
|
Batting: RHB Aaron Burnet
|
0-0: Ball 1-0: Ball 2-0: Foul Ball, location: 2F 2-1: Foul Ball, location: 2F 2-2: SINGLE (Groundball, 34D, EV 96.9 MPH)
|
|
Batting: LHB Dan Goldberg
|
0-0: Ball Aaron Burnet steals 2nd, throwing error, E2 Aaron Burnet to third 1-0: Foul Ball, location: 2F 1-1: SINGLE (Line Drive, 3D, EV 95.6 MPH) Aaron Burnet scores
|
|
Batting: LHB Bob Kaufmann
|
0-0: Grounds into double play, 5-4-3 (Groundball, 56, EV 91.2 MPH)
|
|
Batting: LHB Tyler Twiss
|
0-0: Ball 1-0: Called Strike 1-1: Foul Ball, location: 2F 1-2: Strikes out swinging
|
| Top of the 2nd over - 1 run, 2 hits, 1 error, 0 left on base; Colorado 1 - Amarillo 0 |
| BOTTOM OF THE 2ND |
|
Amarillo ThunderHeads batting - Pitching for Colorado Avalanche : RHP Andrew Cribbs
|
|
Batting: LHB Tony Cisneros
|
0-0: Called Strike 0-1: SINGLE (Flyball, 6D, EV 90.0 MPH)
|
|
Batting: LHB Thie Hofmann
|
0-0: Ball 1-0: Fly out, F8 (Line Drive, 8RM, EV 90.0 MPH)
|
|
Batting: RHB Jorge Balderama
|
0-0: Ball 1-0: Ball Tony Cisneros steals 2nd base 2-0: Called Strike 2-1: Ball 3-1: Base on Balls
|
|
Batting: LHB Bill Mahoney
|
0-0: Foul Ball, location: 2F 0-1: Ball 1-1: Swinging Strike 1-2: Foul Ball, location: 2F 1-2: Ball 2-2: Foul Ball, location: 2F 2-2: Ball 3-2: Strikes out looking
|
|
Batting: RHB Shi-fu Cuan
|
0-0: Ball 1-0: Foul Ball, location: 2F 1-1: Foul Ball, location: 2F 1-2: Strikes out swinging
|
| Bottom of the 2nd over - 0 runs, 1 hit, 0 errors, 2 left on base; Colorado 1 - Amarillo 0 |
| TOP OF THE 3RD |
|
Colorado Avalanche batting - Pitching for Amarillo ThunderHeads : RHP Shane Ford
|
|
Batting: RHB Jon Herner
|
0-0: Called Strike 0-1: Foul Ball, location: 2F 0-2: Strikes out swinging
|
|
Batting: RHB Ken Dunphy
|
0-0: Called Strike 0-1: Ball 1-1: Ball 2-1: Ball 3-1: Foul Ball, location: 2F 3-2: Fly out, F8 (Flyball, 8LD, EV 91.2 MPH)
|
|
Batting: RHB Ben Connelly
|
0-0: Swinging Strike 0-1: Ball 1-1: Ball 2-1: Ball 3-1: Foul Ball, location: 2F 3-2: Base on Balls
|
|
Batting: SHB Taylor Shelton
|
0-0: Swinging Strike 0-1: Ball 1-1: Ball Ben Connelly is caught stealing 2nd base 2-6
|
| Top of the 3rd over - 0 runs, 0 hits, 0 errors, 0 left on base; Colorado 1 - Amarillo 0 |
| BOTTOM OF THE 3RD |
|
Amarillo ThunderHeads batting - Pitching for Colorado Avalanche : RHP Andrew Cribbs
|
|
Batting: RHB Dennis Underwood
|
0-0: Called Strike 0-1: Foul Ball, location: 2F 0-2: Strikes out swinging
|
|
Batting: LHB Carlos Guajardo
|
0-0: Called Strike 0-1: Foul Ball, location: 2F 0-2: Ball 1-2: Ball 2-2: Ball 3-2: SINGLE (Groundball, 34D, EV 105.6 MPH)
|
|
Batting: SHB Jose Ramirez
|
0-0: Ball Carlos Guajardo steals 2nd base 1-0: Called Strike 1-1: Foul Ball, location: 2F 1-2: Fly out, F8 (Flyball, 8RD, EV 92.5 MPH)
|
|
Batting: RHB Bill Flannery
|
0-0: Called Strike 0-1: Ball 1-1: Foul Ball, location: 2F 1-2: SINGLE (Groundball, 56S, EV 63.1 MPH) (infield hit) Carlos Guajardo to third
|
|
Batting: LHB Tony Cisneros
|
0-0: Fly out, F8 (Flyball, 8LS, EV 91.2 MPH)
|
| Bottom of the 3rd over - 0 runs, 2 hits, 0 errors, 2 left on base; Colorado 1 - Amarillo 0 |
| TOP OF THE 4TH |
|
Colorado Avalanche batting - Pitching for Amarillo ThunderHeads : RHP Shane Ford
|
|
Batting: SHB Taylor Shelton
|
0-0: Ball 1-0: Foul Ball, location: 2F 1-1: Called Strike 1-2: Ball 2-2: Ball 3-2: Fly out, F7 (Line Drive, 7, EV 103.1 MPH)
|
|
Batting: RHB Joe Shade
|
0-0: Ball 1-0: Ball 2-0: Ball 3-0: Called Strike 3-1: Called Strike 3-2: Strikes out looking
|
|
Batting: RHB Aaron Burnet
|
0-0: Fly out, F9 (Line Drive, 9D, EV 91.9 MPH)
|
| Top of the 4th over - 0 runs, 0 hits, 0 errors, 0 left on base; Colorado 1 - Amarillo 0 |
| BOTTOM OF THE 4TH |
|
Amarillo ThunderHeads batting - Pitching for Colorado Avalanche : RHP Andrew Cribbs
|
|
Batting: LHB Thie Hofmann
|
0-0: Called Strike 0-1: Foul Ball, location: 2F 0-2: Ball 1-2: SOLO HOME RUN (Flyball, 89XD, EV 99.4 MPH), Distance : 390 ft
|
|
Batting: RHB Jorge Balderama
|
0-0: Called Strike 0-1: Ball 1-1: Ball 2-1: Fly out, F7 (Flyball, 7, EV 81.2 MPH)
|
|
Batting: LHB Bill Mahoney
|
0-0: Called Strike 0-1: Ball 1-1: Fly out, F4 (Popup, 4MD, EV 50.0 MPH)
|
|
Batting: RHB Shi-fu Cuan
|
0-0: Ball 1-0: Called Strike 1-1: Ball 2-1: Ball 3-1: Foul Ball, location: 2F 3-2: Ground out 6-3 (Groundball, 6, EV 107.5 MPH)
|
| Bottom of the 4th over - 1 run, 1 hit, 0 errors, 0 left on base; Colorado 1 - Amarillo 1 |
| TOP OF THE 5TH |
|
Colorado Avalanche batting - Pitching for Amarillo ThunderHeads : RHP Shane Ford
|
|
Batting: LHB Dan Goldberg
|
0-0: Ball 1-0: Ball 2-0: Called Strike 2-1: Ball 3-1: Foul Ball, location: 2F 3-2: Base on Balls
|
|
Batting: LHB Bob Kaufmann
|
0-0: Ball 1-0: Foul Ball, location: 2F 1-1: Called Strike 1-2: SINGLE (Flyball, 8LM, EV 100.6 MPH) Dan Goldberg to second
|
|
Batting: LHB Tyler Twiss
|
0-0: SINGLE (Groundball, 4MD, EV 102.5 MPH) Dan Goldberg to third Bob Kaufmann to second
|
|
Batting: RHB Jon Herner
|
0-0: Ball 1-0: Foul Ball, location: 2F 1-1: Ball 2-1: Fly out, F8 (Flyball, 8LD, EV 85.6 MPH)
|
|
Batting: RHB Ken Dunphy
|
0-0: Swinging Strike 0-1: Ball 1-1: Called Strike 1-2: Foul Ball, location: 2F 1-2: Strikes out looking
|
|
Batting: RHB Ben Connelly
|
0-0: Ball 1-0: Called Strike 1-1: Swinging Strike 1-2: Foul Ball, location: 2F 1-2: Strikes out swinging
|
| Top of the 5th over - 0 runs, 2 hits, 0 errors, 3 left on base; Colorado 1 - Amarillo 1 |
| BOTTOM OF THE 5TH |
|
Amarillo ThunderHeads batting - Pitching for Colorado Avalanche : RHP Andrew Cribbs
|
|
Batting: RHB Dennis Underwood
|
0-0: Ball 1-0: Ball 2-0: Ball 3-0: Base on Balls
|
|
Batting: LHB Carlos Guajardo
|
0-0: Ball 1-0: Ball 2-0: Ball 3-0: Called Strike 3-1: Base on Balls Dennis Underwood to second
|
|
Batting: SHB Jose Ramirez
|
0-0: Ball 1-0: Ball 2-0: Ball 3-0: Called Strike 3-1: Base on Balls Dennis Underwood to third Carlos Guajardo to second
|
|
Batting: RHB Bill Flannery
|
0-0: Called Strike 0-1: Foul Ball, location: 2F 0-2: Ball 1-2: Ball 2-2: Ball 3-2: Fly out, F9 (Line Drive, 9, EV 92.5 MPH) Runner from 3rd tags up, SCORES, throw by RF Carlos Guajardo to third
|
|
Batting: LHB Tony Cisneros
|
Pickoff Throw to First - Out! 1-3 0-0: Ball 1-0: Swinging Strike 1-1: Ball 2-1: Ball 3-1: Ground out 5-3 (Groundball, 25, EV 85.6 MPH)
|
| Bottom of the 5th over - 1 run, 0 hits, 0 errors, 1 left on base; Colorado 1 - Amarillo 2 |
| TOP OF THE 6TH |
|
Colorado Avalanche batting - Pitching for Amarillo ThunderHeads : RHP Shane Ford
|
|
Pitching: RHP Dave Palmer
|
|
|
Batting: SHB Taylor Shelton
|
0-0: Ball 1-0: Ball 2-0: Ball 3-0: Base on Balls
|
|
Batting: RHB Joe Shade
|
0-0: Fly out, F9 (Flyball, 9D, EV 84.4 MPH)
|
|
Batting: RHB Aaron Burnet
|
Balk! Taylor Shelton to second 0-0: Swinging Strike 0-1: Ball 1-1: Called Strike 1-2: Ground out 5-3 (Groundball, 56, EV 86.2 MPH)
|
|
Pinch Hitting: LHB Rich Rauda
|
0-0: Called Strike 0-1: Ball 1-1: Called Strike 1-2: Strikes out swinging
|
| Top of the 6th over - 0 runs, 0 hits, 0 errors, 1 left on base; Colorado 1 - Amarillo 2 |
| BOTTOM OF THE 6TH |
|
Amarillo ThunderHeads batting - Pitching for Colorado Avalanche : RHP Andrew Cribbs
|
|
Pitching: RHP Kyle Cannon
|
|
|
Now in LF: Aaron Burnet
|
|
|
Now in CF: Rich Rauda
|
|
|
Batting: LHB Thie Hofmann
|
0-0: Called Strike 0-1: Ball 1-1: Fly out, F8 (Flyball, 8RM, EV 88.8 MPH)
|
|
Batting: RHB Jorge Balderama
|
0-0: Called Strike 0-1: Ball 1-1: Fly out, F9 (Flyball, 89S, EV 92.5 MPH)
|
|
Batting: LHB Bill Mahoney
|
0-0: SOLO HOME RUN (Flyball, 9D, EV 93.8 MPH), Distance : 357 ft
|
|
Batting: RHB Shi-fu Cuan
|
0-0: Ball 1-0: DOUBLE (Line Drive, 7LS, EV 98.1 MPH)
|
|
Batting: RHB Dennis Underwood
|
0-0: Ball 1-0: Ground out 4-3 (Groundball, 4, EV 88.1 MPH)
|
| Bottom of the 6th over - 1 run, 2 hits, 0 errors, 1 left on base; Colorado 1 - Amarillo 3 |
| TOP OF THE 7TH |
|
Colorado Avalanche batting - Pitching for Amarillo ThunderHeads : RHP Dave Palmer
|
|
Batting: LHB Bob Kaufmann
|
0-0: Ball 1-0: Fly out, F8 (Flyball, 8RD, EV 101.9 MPH)
|
|
Batting: LHB Tyler Twiss
|
0-0: Ball 1-0: Foul Ball, location: 2F 1-1: Fly out, F6 (Popup, 6MD, EV 60.6 MPH)
|
|
Batting: RHB Jon Herner
|
0-0: Foul Ball, location: 2F 0-1: Called Strike 0-2: Foul Ball, location: 2F 0-2: DOUBLE (Flyball, 7LM, EV 100.6 MPH)
|
|
Pinch Hitting: RHB Mike Chiquete
|
0-0: Ball 1-0: Ball 2-0: Ball 3-0: Called Strike 3-1: Base on Balls
|
|
Pinch Hitting: RHB Brent Montagano
|
0-0: Called Strike 0-1: Fly out, F8 (Flyball, 8RXD, EV 103.8 MPH)
|
| Top of the 7th over - 0 runs, 1 hit, 0 errors, 2 left on base; Colorado 1 - Amarillo 3 |
| BOTTOM OF THE 7TH |
|
Amarillo ThunderHeads batting - Pitching for Colorado Avalanche : RHP Kyle Cannon
|
|
Now at 3B: Brent Montagano
|
|
|
Now at SS: Mike Chiquete
|
|
|
Batting: LHB Carlos Guajardo
|
0-0: Ball 1-0: Ball 2-0: Foul Ball, location: 2F 2-1: Ground out U3 (Groundball, 3, EV 106.2 MPH)
|
|
Batting: SHB Jose Ramirez
|
0-0: Called Strike 0-1: Ball 1-1: Ball 2-1: Foul Ball, location: 2F 2-2: Foul Ball, location: 2F 2-2: Ground out 4-3 (Groundball, 4MS, EV 85.6 MPH)
|
|
Pitching: LHP Danny Sebastian
|
|
|
Batting: RHB Bill Flannery
|
0-0: Called Strike 0-1: Called Strike 0-2: Ball 1-2: SINGLE (Groundball, 4D, EV 109.4 MPH)
|
|
Batting: LHB Tony Cisneros
|
0-0: Foul Ball, location: 2F 0-1: Ball 1-1: Ground out 4-3 (Groundball, 4, EV 86.9 MPH)
|
| Bottom of the 7th over - 0 runs, 1 hit, 0 errors, 1 left on base; Colorado 1 - Amarillo 3 |
| TOP OF THE 8TH |
|
Colorado Avalanche batting - Pitching for Amarillo ThunderHeads : RHP Dave Palmer
|
|
Now at 1B: Eric Camillo
|
|
|
Batting: SHB Taylor Shelton
|
0-0: Ball 1-0: Ball 2-0: Ball 3-0: Called Strike 3-1: Base on Balls
|
|
Batting: RHB Joe Shade
|
0-0: Ball 1-0: Foul Ball, location: 2F 1-1: Foul Ball, location: 2F 1-2: Ball 2-2: Foul Ball, location: 2F 2-2: Foul Ball, location: 2F 2-2: Foul Ball, location: 2F 2-2: SINGLE (Groundball, 56D, EV 98.1 MPH) Taylor Shelton to second
|
|
Pitching: RHP Adam Montag
|
|
|
Batting: RHB Aaron Burnet
|
0-0: DOUBLE (Line Drive, 7LS, EV 99.4 MPH) Taylor Shelton scores Joe Shade to third
|
|
Batting: LHB Rich Rauda
|
0-0: Ball 1-0: Called Strike 1-1: Ball 2-1: Swinging Strike 2-2: Foul Ball, location: 2F 2-2: Ball 3-2: Foul Ball, location: 2F 3-2: Foul Ball, location: 2F 3-2: Strikes out swinging
|
|
Batting: LHB Bob Kaufmann
|
0-0: Called Strike 0-1: Foul Ball, location: 2F 0-2: Ball 1-2: 3-RUN HOME RUN (Flyball, 9D, EV 91.2 MPH), Distance : 350 ft
|
|
Batting: LHB Tyler Twiss
|
0-0: Ball 1-0: Foul Ball, location: 2F 1-1: Ball 2-1: Ball 3-1: Foul Ball, location: 2F 3-2: Ground out 4-3 (Groundball, 4, EV 89.4 MPH)
|
|
Batting: RHB Jon Herner
|
0-0: Foul Ball, location: 2F 0-1: Foul Ball, location: 2F 0-2: Fly out, F8 (Flyball, 8RD, EV 93.8 MPH)
|
| Top of the 8th over - 4 runs, 3 hits, 0 errors, 0 left on base; Colorado 5 - Amarillo 3 |
| BOTTOM OF THE 8TH |
|
Amarillo ThunderHeads batting - Pitching for Colorado Avalanche : LHP Danny Sebastian
|
|
Batting: RHB Ray Travis
|
0-0: Swinging Strike 0-1: Ball 1-1: Swinging Strike 1-2: Ball 2-2: Strikes out swinging
|
|
Batting: RHB Jorge Balderama
|
0-0: Ball 1-0: Foul Ball, location: 2F 1-1: Foul Ball, location: 2F 1-2: SOLO HOME RUN (Flyball, 7D, EV 95.6 MPH), Distance : 361 ft
|
|
Batting: LHB Bill Mahoney
|
0-0: Foul Ball, location: 2F 0-1: Called Strike 0-2: Ball 1-2: Ball 2-2: Foul Ball, location: 2F 2-2: Ball 3-2: Foul Ball, location: 2F 3-2: Foul Ball, location: 2F 3-2: Foul Ball, location: 2F 3-2: Ground out 6-3 (Groundball, 6, EV 106.2 MPH)
|
|
Pitching: RHP David Spangler
|
|
|
Batting: RHB Shi-fu Cuan
|
0-0: Ground out 6-3 (Groundball, 6, EV 92.5 MPH)
|
| Bottom of the 8th over - 1 run, 1 hit, 0 errors, 0 left on base; Colorado 5 - Amarillo 4 |
| TOP OF THE 9TH |
|
Colorado Avalanche batting - Pitching for Amarillo ThunderHeads : RHP Adam Montag
|
|
Batting: RHB Mike Chiquete
|
0-0: Ball 1-0: Ball 2-0: SINGLE (Groundball, 6M, EV 86.9 MPH) (infield hit)
|
|
Batting: RHB Brent Montagano
|
0-0: Ball 1-0: Sac Bunt to 15S - play at first, batter OUT! 1-3 Mike Chiquete to second
|
|
Batting: SHB Taylor Shelton
|
0-0: Intentional Walk
|
|
Batting: RHB Joe Shade
|
0-0: Grounds into double play, 6-4-3 (Groundball, 6, EV 83.1 MPH)
|
| Top of the 9th over - 0 runs, 1 hit, 0 errors, 1 left on base; Colorado 5 - Amarillo 4 |
| BOTTOM OF THE 9TH |
|
Amarillo ThunderHeads batting - Pitching for Colorado Avalanche : RHP David Spangler
|
|
Pitching: RHP Gary Pinard
|
|
|
Pinch Hitting: RHB Adrian Quilantan
|
0-0: Fly out, F6 (Popup, 6, EV 73.8 MPH)
|
|
Batting: RHB Eric Camillo
|
0-0: Called Strike 0-1: Ball 1-1: DOUBLE (Line Drive, 5D, EV 103.8 MPH)
|
|
Batting: SHB Jose Ramirez
|
0-0: Called Strike 0-1: Ball 1-1: Called Strike 1-2: Strikes out swinging
|
|
Batting: RHB Bill Flannery
|
0-0: Ball 1-0: Foul Ball, location: 2F 1-1: Ball 2-1: Ball 3-1: Foul Ball, location: 2F 3-2: Foul Ball, location: 2F 3-2: Foul Ball, location: 2F 3-2: Base on Balls
|
|
Batting: LHB Tony Cisneros
|
0-0: Ball 1-0: Ball 2-0: Foul Ball, location: 2F 2-1: Called Strike 2-2: Strikes out swinging
|
| Bottom of the 9th over - 0 runs, 1 hit, 0 errors, 2 left on base; Colorado 5 - Amarillo 4 |
|